 Dungeon Crawl Stone Soup version 0.29-a0-817-g9904bce7a6 (webtiles) character file.

Game seed: 16664716089224066044

144 Mgcat the Shooter (level 5, -7/54 HPs)
             Began as an Octopode Hunter on July 5, 2022.
             Was an Initiate of Gozag.
             Killed by divine providence
             ... invoked by an orc priest
              (16 damage)
             ... on level 3 of the Dungeon.
             The game lasted 00:04:13 (2361 turns).

Mgcat the Shooter (Octopode Hunter)                 Turns: 2361, Time: 00:04:14

Health: -7/54      AC:  1    Str: 10    XL:     5   Next: 26%
Magic:  5/5        EV: 14    Int: 12    God:    Gozag
Gold:   226        SH:  0    Dex: 17    Spells: 4/4 levels left

rFire   . . .      SeeInvis .   (no weapon)
rCold   . . .      Faith    .   (no shield)
rNeg    . . .      Spirit   .   (helmet restricted)
rPois   .          Reflect  .   (no amulet)
rElec   .          Harm     .   (no ring)
rCorr   .          Rampage  .   (no ring)
Will    .....                   (no ring)
Stlth   ..........              (no ring)
HPRegen 0.18/turn               (no ring)
MPRegen 0.09/turn               (no ring)
                                (no ring)
                                (no ring)

@: berserking, very quick
A: almost no armour, amphibious, 8 rings, camouflage 1, gelatinous body 1,
(nimble swimmer 1), tentacles
a: Renounce Religion, Potion Petition, Call Merchant, Bribe Branch


You were on level 3 of the Dungeon.
You worshipped Gozag.
Gozag was aware of your devotion.
You visited 1 branch of the dungeon, and saw 3 of its levels.

You collected 236 gold pieces.
You paid 10 gold pieces to Gozag.

Inventory:

Hand Weapons
 a - a +0 shortbow
Scrolls
 b - a scroll of immolation {!r}
 d - a scroll of fog {unknown}
 f - a scroll of identify {unknown}
 j - a scroll of noise {unknown}
Potions
 c - 2 potions of brilliance {unknown}
 e - 3 potions of might {unknown}
 g - a potion of lignification {unknown}
 h - a potion of berserk rage {!q}
 i - a potion of cancellation {unknown}
 k - a potion of curing {unknown}


   Skills:
 + Level 2.8 Fighting
 * Level 5.1 Ranged Weapons
 + Level 3.0 Dodging
 + Level 3.3 Stealth


You had 4 spell levels left.
You didn't know any spells.
Your spell library contained the following spells:

 Spells                   Type           Power      Damage    Failure   Level
 Ignite Poison            Fire/Tmut/Pois 0%         N/A       69%         3
 Mephitic Cloud           Conj/Pois/Air  0%         N/A       69%         3
 Freezing Cloud           Conj/Ice/Air   0%         6-21      100%        5
 Chain Lightning          Conj/Air       0%         N/A       100%        9
 Fire Storm               Conj/Fire      0%         5d1       100%        9
 Shatter                  Erth           0%         3d5*      100%        9


Dungeon Overview and Level Annotations

Branches:
Dungeon (3/15)

Altars:
Gozag


Innate Abilities, Weirdness & Mutations

You cannot wear most types of armour.
You are amphibious.
You can wear up to eight rings at the same time.
Your skin changes colour to match your surroundings (Stealth+).
Your rubbery body absorbs attacks. (AC +1, EV +1)
((You are camouflaged when in or above water. (Stealth+)))
You have tentacles for arms and can constrict up to eight enemies at once.


Message History

You take 10 damage, and have 26/36 hp.
MASSIVE DAMAGE!!
Spoiler Alert: The orc priest can smite you!
You are too injured to fight recklessly!
The orc priest looks braver for a moment.
There is a stone staircase leading up here.
You start resting.
HP restored.
Health restored: 36 Spoiler Alert: The orc priest (wandering) can smite you!
You shoot an arrow. The orc priest shouts!
The arrow hits the orc priest!
The orc priest is heavily wounded.
Spoiler Alert: The orc priest can smite you!
You shoot an arrow.
The arrow closely misses the orc priest.
The orc priest calls down the wrath of Beogh upon you.
Beogh smites you!
You take 15 damage, and have 21/36 hp.
MASSIVE DAMAGE!!
You are too injured to fight recklessly!
Spoiler Alert: The orc priest can smite you!
You are too injured to fight recklessly!
Fire: a) +0 shortbow
Press: ? - help, Q - select action Shift-Dir - straight line, f/p - orc priest
Aim: an orc priest, wielding a +0 flail (heavily wounded, 63% to hit)
You shoot an arrow.
The arrow completely misses the orc priest.
The orc priest calls down the wrath of Beogh upon you.
Beogh smites you!
You take 9 damage, and have 12/36 hp.
MASSIVE DAMAGE!!
Spoiler Alert: The orc priest can smite you!
Fire: a) +0 shortbow
Press: ? - help, Q - select action Shift-Dir - straight line, f/p - orc priest
Aim: an orc priest, wielding a +0 flail (heavily wounded, 63% to hit)
You shoot an arrow. The arrow hits the orc priest.
The orc priest is heavily wounded.
Fire: a) +0 shortbow
Press: ? - help, Q - select action Shift-Dir - straight line, f/p - orc priest
Aim: an orc priest, wielding a +0 flail (heavily wounded, 63% to hit)
You shoot an arrow. The arrow barely misses the orc priest.
Spoiler Alert: The orc priest can smite you!
Fire: a) +0 shortbow
Press: ? - help, Q - select action Shift-Dir - straight line, f/p - orc priest
Aim: an orc priest, wielding a +0 flail (heavily wounded, 63% to hit)
You shoot an arrow.
The arrow completely misses the orc priest.
The orc priest barely misses you.
Spoiler Alert: The orc priest can smite you!
Fire: a) +0 shortbow
Press: ? - help, Q - select action Shift-Dir - straight line, f/p - orc priest
Aim: an orc priest, wielding a +0 flail (heavily wounded, 63% to hit)
You shoot an arrow.
The arrow hits the orc priest but does no damage.
The orc priest is heavily wounded.
The orc priest hits you with a +0 flail!
* * * LOW HITPOINT WARNING * * *
You take 7 damage, and have 5/36 hp.
Spoiler Alert: The orc priest can smite you!
Fire: a) +0 shortbow
Press: ? - help, Q - select action Shift-Dir - straight line, f/p - orc priest
Aim: an orc priest, wielding a +0 flail (heavily wounded, 63% to hit)
You shoot an arrow. The arrow hits the orc priest.
The orc priest is severely wounded.
The orc priest miscasts a cantrip.
Spoiler Alert: The orc priest can smite you!
It was a potion of berserk rage.
A red film seems to cover your vision as you go berserk!
You feel yourself moving faster!
You feel mighty! The orc priest closely misses you.
You now have 8/54 hp.
You are too berserk!
Spoiler Alert: The orc priest can smite you!
Unknown command.
Unknown command.
Unknown command.
Unknown command.
Really attack while wielding your +0 shortbow?
Okay, then.
Spoiler Alert: The orc priest can smite you!
Unknown command.
You are too berserk!
You are too berserk!
You are too berserk!
You are too berserk!
Unknown command.
Spoiler Alert: The orc priest can smite you!
Unknown command.
Unknown command.
You are now empty-tentacled.
You feel a strong urge to attack something.
Unknown command.
Unknown command.
Spoiler Alert: The orc priest can smite you!
You barely miss the orc priest. You grab the orc priest.
The orc priest is severely wounded.
You constrict the orc priest.
The orc priest calls down the wrath of Beogh upon you.
Beogh smites you!
You die...
Your body crumbles into a pile of gold.

##...............
##...............#
##...............#
##...............#
##...............#
##...............#
##...............#
##..............o#
###.#.#.....####@#
(...#.#.#.##.....######
#####.#.#....#........#
......#.#.#..#.######.#
........#....#......#.#
...######.##.######.#.#
...######.##......#.#.#
........#.##......#.#.#
....#####.##......#.#.#


You could see an orc priest.

Vanquished Creatures
  A necrophage (D:3)
  2 adders (D:2)
  3 worms (D:3)
  A dart slug (D:1)
  3 orcs (D:3)
  4 ball pythons
  4 bats
  4 endoplasms
  7 giant cockroaches
  5 goblins
  6 hobgoblins
  A kobold (D:3)
  4 quokkas
  5 frilled lizards
  3 rats
53 creatures vanquished.

Vanquished Creatures (others)
  A plant (D:1)
1 creature vanquished.

Grand Total: 54 creatures vanquished

Notes
Turn   | Place    | Note
-------+----------+-------------------------------------------
     0 | D:1      | Mgcat the Octopode Hunter began the quest for the Orb.
     0 | D:1      | Reached XP level 1. HP: 14/14 MP: 1/1
   142 | D:1      | Reached XP level 2. HP: 18/19 MP: 2/2
   335 | D:1      | Reached skill level 2 in Stealth
   834 | D:2      | Identified the +11 dagger of the Forest {holy, rC+}
   865 | D:2      | Reached XP level 3. HP: 22/24 MP: 3/3
  1007 | D:2      | Found an opulent altar of Gozag.
  1064 | D:2      | Became a worshipper of Gozag Ym Sagoz the Greedy
  1501 | D:3      | Reached XP level 4. HP: 30/30 MP: 4/4
  1947 | D:3      | Noticed a necrophage
  1962 | D:3      | Killed a necrophage
  1963 | D:3      | Reached skill level 5 in Ranged Weapons
  1963 | D:3      | Reached skill level 3 in Stealth
  1963 | D:3      | Reached XP level 5. HP: 17/36 MP: 5/5
  2070 | D:3      | Found a faded altar of an unknown god.
  2224 | D:3      | Reached skill level 3 in Dodging
  2357 | D:3      | HP: 5/36 [orc priest/+0 flail (7)]
  2361 | D:3      | Killed from afar by an orc priest

Illustrated notes

Levels and vault maps discovered:
D:1:      dpeg_arrival_rooms_b, layout_loops_ring, serial_bayou,
          serial_bayou_shore_a, serial_bayou_pond_c, serial_bayou_ford_a,
          serial_bayou_crossing
D:2:      layout_loops_ring, basic_altar
D:3:      layout_basic, led_sif_book, basic_ecumenical_altar

Skill      XL: |  1  2  3  4  5 |
---------------+----------------+-----
Stealth        | 2 3 |  3.3
Ranged Weapons | 5 |  5.1
Dodging        | 3 |  3.0
Fighting       | |  2.8

Action                   |  1- 3 |  4- 6 || total
-------------------------+-------+-------++-------
Melee: Unarmed           |       |     1 ||     1
       Constrict         |       |     1 ||     1
 Fire: Shortbow          |    84 |    74 ||   158
  Use: Potion            |       |     1 ||     1
Armor: Skin              |     5 |     1 ||     6
Dodge: Dodged            |    27 |    19 ||    46

Table legend: (Time is in decaauts)
 A = Elapsed time spent in this place.
 B = Non-inter-level travel time spent in this place.
 C = Inter-level travel time spent in this place.
 D = Time resting spent in this place.
 E = Time spent auto-exploring this place.
 F = Levels seen in this place.
 G = Mean time per level.
                   A        B        C        D        E       F      G
               +--------+--------+--------+--------+--------+-----+--------+
         Total |   2403 |   2354 |     49 |     26 |   1953 |   3 |  801.0 |
       Dungeon |   2403 |   2354 |     49 |     26 |   1953 |   3 |  801.0 |
               +--------+--------+--------+--------+--------+-----+--------+

Top non-repeatable levels by time:
     D:3: 880 daAuts
     D:1: 835 daAuts
     D:2: 687 daAuts

Table legend:
 A = Kills in this place as a percentage of kills in entire the game.
 B = Kills by you in this place as a percentage of kills by you in the entire game.
 C = Kills by friends in this place as a percentage of kills by friends in the entire game.
 D = Other kills in this place as a percentage of other kills in the entire game.
 E = Experience gained in this place as a percentage of experience gained in the entire game.
 F = Experience gained in this place divided by the number of levels of this place that you have seen.
                   A       B       C       D       E      F
               +-------+-------+-------+-------+-------+----------------------
         Total | 100.0 | 100.0 |   N/A |   N/A | 100.0 |  68.7
       Dungeon | 100.0 | 100.0 |   N/A |   N/A | 100.0 |  68.7
               +-------+-------+-------+-------+-------+----------------------
